 Dungeon Crawl Stone Soup version 0.30-a0-358-g0d69a1922f (webtiles) character file.

Game seed: 7265061773379385300

998 holysushi the Carver (level 8, -1/62 HPs)
             Began as a Merfolk Gladiator on Nov 9, 2022.
             Was an Initiate of Wu Jian.
             Slain by an ogre
             ... wielding a +0 giant club
              (31 damage)
             ... on level 5 of the Dungeon.
             The game lasted 00:07:15 (5196 turns).

holysushi the Carver (Merfolk Gladiator)            Turns: 5196, Time: 00:07:16

Health: -1/62      AC:  9    Str: 15    XL:     8   Next: 19%
Magic:  17/17      EV: 15    Int:  7    God:    Wu Jian [......]
Gold:   228        SH:  0    Dex: 17    Spells: 7/7 levels left

rFire   . . .      SeeInvis .    a - +0 long sword
rCold   . . .      Faith    .    (no shield)
rNeg    . . .      Spirit   .    b - +0 leather armour
rPois   .          Reflect  .    c - +1 helmet
rElec   .          Harm     .    (no cloak)
rCorr   .          Rampage  .    (no gloves)
Will    .....                    (no boots)
Stlth   +.........               (no amulet)
HPRegen 0.30/turn                f - ring of magical power
MPRegen 0.15/turn                j - +4 ring of protection

@: no status effects
A: (nimble swimmer 2), mertail
a: Renounce Religion


You were on level 5 of the Dungeon.
You worshipped Wu Jian.
Wu Jian was noncommittal.
You visited 2 branches of the dungeon, and saw 7 of its levels.

You collected 228 gold pieces.

Inventory:

Hand Weapons
 a - a +0 long sword (weapon)
 s - a +2 short sword of electrocution
Missiles
 d - 3 throwing nets (quivered)
 e - a javelin
Armour
 b - a +0 leather armour (worn)
 c - a +1 helmet (worn)
Jewellery
 f - a ring of magical power (left hand)
 j - a +4 ring of protection (right hand)
 m - a ring of ice
Wands
 q - a wand of iceblast (10)
Scrolls
 i - a scroll of fear
 k - 3 scrolls of identify
 v - a scroll of butterflies {unknown}
 w - a scroll of teleportation
Potions
 g - 2 potions of flight
 h - a potion of cancellation
 l - a potion of brilliance
 n - 2 potions of lignification {unknown}
 o - a potion of curing
 p - a potion of berserk rage {unknown}
 r - 2 potions of resistance {unknown}
 t - a potion of mutation {unknown}
 u - a potion of haste
 x - a potion of might {unknown}


   Skills:
 + Level 5.3 Fighting
 * Level 8.7 Long Blades
 - Level 2.0 Throwing
 + Level 7.2 Dodging


You had 7 spell levels left.
You didn't know any spells.
Your spell library contained the following spells:

 Spells                   Type           Power      Damage    Failure   Level
 Sandblast                Erth           0%         2d4       50%         1
 Shock                    Conj/Air       0%         1d3       50%         1
 Passwall                 Tmut/Erth      0%         N/A       65%         2
 Call Canine Familiar     Summ           0%         N/A       86%         3
 Dazzling Flash           Conj/Hex       0%         N/A       86%         3
 Portal Projectile        Hex/Tloc       0%         N/A       86%         3
 Stone Arrow              Conj/Erth      0%         3d7       86%         3
 Swiftness                Air            0%         N/A       86%         3
 Airstrike                Air            0%         2d(0-16)  99%         4
 Iskenderun's Mystic Bla  Conj/Tloc      0%         2d3       99%         4
 Leda's Liquefaction      Hex/Erth       0%         N/A       99%         4
 Starburst                Conj/Fire      0%         6d3       100%        6


Dungeon Overview and Level Annotations

Branches:
Dungeon (6/15) Zot: 24280  Temple (1/1) D:4 Zot: 5567

Altars:
Ashenzari
Cheibriados
Dithmenos
Elyvilon
Fedhas
Gozag
Hepliaklqana
Kikubaaqudgha
Makhleb
Nemelex Xobeh
Okawaru
Qazlal
Sif Muna
Trog
Uskayaw
Vehumet
Wu Jian
Xom
Yredelemnul
Zin
The Shining One

Shops:
D:1 =

Annotations:
D:4 1 runed translucent door, purpskrrrp's ghost, amateur TrWr


Innate Abilities, Weirdness & Mutations

((You are very nimble when in or above water. (Stealth+, EV+, Speed+++)))
Your lower body shifts to a powerful aquatic tail in water.


Message History

You climb upwards.
Welcome back to the Dungeon!
Level annotation: 1 runed translucent door, purpskrrrp's ghost, amateur TrWr
There is a staircase to the Ecumenical Temple here.
Things that are here:
a +0 club; a +0 sling; a goblin skeleton Key pressed, stopping explore.
You see here 6 poisoned darts.
The orc warrior shouts!
Purpskrrrp's ghost turns its malevolent gaze towards you.
Could not explore, unopened runed door.
(D) Dungeon (T) Temple
Where to? (Enter - D:4, ? - help)
There is a stone staircase leading down here.
You climb downwards.
Found a scale mail.
There is a stone staircase leading up here.
Found 7 stones.
A dart slug comes into view.
A dart slug is nearby!
A dart slug is nearby!
A dart slug is nearby!
An ogre comes into view. It is wielding a +0 giant club.
You lunge at the dart slug.
You slash the dart slug!
You kill the dart slug!
The Council accepts your kill.
The ogre shouts!
The ogre hits you with a +0 giant club!
You lunge at the ogre.
You hit the ogre.
The ogre is lightly wounded.
The ogre hits you with a +0 giant club!!
You hit the ogre.
The ogre is moderately wounded.
You hit the ogre.
The ogre is moderately wounded.
The ogre closely misses you.
You hit the ogre.
The ogre is heavily wounded.
The ogre hits you with a +0 giant club!!
Ouch! That really hurt!
You die...

.. .# ##. #..
#.# ##.#####
#......#
#..@..##
##..O.##
#.#.### #.###
........#
##.#
........#
#.##
(.......###.#
........##..#
........##.##


You could see an ogre.

Vanquished Creatures
  Sigmund (D:2)
  A kobold brigand (D:3)
  A necrophage (D:4)
  2 howler monkeys (D:3)
  A hound (D:5)
  Jessica (D:2)
  2 orc wizards
  2 iguanas
  25 gnolls
  6 adders
  5 worms
  3 dart slugs
  23 orcs
  10 ball pythons
  8 endoplasms
  A giant cockroach (D:3)
  6 goblins
  7 hobgoblins
  16 jackals
  9 kobolds
  4 quokkas
  7 bats
  A frilled lizard (D:2)
  9 rats
151 creatures vanquished.

Vanquished Creatures (others)
  A fungus (D:3)
1 creature vanquished.

Grand Total: 152 creatures vanquished

Notes
Turn   | Place    | Note
-------+----------+-------------------------------------------
     0 | D:1      | holysushi the Merfolk Gladiator began the quest for the
                  | Orb.
     0 | D:1      | Reached XP level 1. HP: 16/16 MP: 1/1
    38 | D:1      | Reached XP level 2. HP: 23/23 MP: 2/2
    57 | D:1      | Reached skill level 4 in Long Blades
   351 | D:1      | Found Zuonn's Jewellery Shop.
   415 | D:1      | Reached XP level 3. HP: 28/28 MP: 3/3
   979 | D:2      | Noticed Jessica
   983 | D:2      | Killed Jessica
   984 | D:2      | Reached XP level 4. HP: 34/35 MP: 4/4
  1001 | D:2      | Reached skill level 5 in Long Blades
  1098 | D:2      | Noticed Sigmund
  1231 | D:2      | Killed Sigmund
  1232 | D:2      | Reached skill level 6 in Long Blades
  1232 | D:2      | Reached skill level 5 in Dodging
  1232 | D:2      | Reached XP level 5. HP: 33/42 MP: 5/5
  1232 | D:2      | Reached XP level 6. HP: 38/48 MP: 6/6
  1587 | D:2      | Found a faded altar of an unknown god.
  1779 | D:3      | You fall into a shaft and drop 3 floors!
  1847 | D:6      | Noticed an ice beast
  1869 | D:5      | Entered Level 5 of the Dungeon
  2432 | D:3      | Reached skill level 7 in Long Blades
  2432 | D:3      | Reached XP level 7. HP: 53/55 MP: 7/7
  3235 | D:3      | Reached skill level 5 in Fighting
  3235 | D:3      | Reached skill level 8 in Long Blades
  3496 | D:3      | Reached XP level 8. HP: 54/58 MP: 8/8
  4007 | D:4      | Found a runed translucent door.
  4007 | D:4      | Noticed purpskrrrp's ghost (amateur TrWr)
  4467 | D:4      | Found a staircase to the Ecumenical Temple.
  4507 | Temple   | Entered the Ecumenical Temple
  4924 | Temple   | Became a worshipper of the Wu Jian Council
  5196 | D:5      | Slain by an ogre

Illustrated notes

Levels and vault maps discovered:
D:1:      minmay_arrival_cross, layout_loops_cross, serial_shops,
          nicolae_shop_hallway_plus, kennysheep_minor_cross, minmay_heptomino_w4
D:2:      minmay_wonky_spiral, layout_basic,
          hellmonk_ecumenical_altar_heavens_door, uniq_jessica, uniq_sigmund
D:3:      lemuel_castle_with_subvaults [lemuel_castle_interior_carwin_1],
          layout_basic
D:4:      layout_loops_ring, minmay_temple_entry_trees,
          ebering_ghost_inner_flame, minmay_quadrilaterals
D:5:      layout_cave_pods
D:6:      layout_rooms, uniq_edmund
Temple:   compressed_dpeg_triangle_lava_temple

Skill      XL: |  1  2  3  4  5  6  7  8 |
---------------+-------------------------+-----
Long Blades    | 4 6 7 8 |  8.7
Fighting       | 3 4 5 |  5.3
Dodging        | 5 6 7 |  7.2
Throwing       | |  2.0

Action                   |  1- 3 |  4- 6 |  7- 9 || total
-------------------------+-------+-------+-------++-------
Melee: Long sword        |    68 |   208 |   258 ||   534
       Punch             |     1 |     4 |     6 ||    11
       Tailslap          |       |     4 |    14 ||    18
Invok: Lunge             |       |       |     2 ||     2
  Use: Scroll            |     4 |     1 |     4 ||     9
       Potion            |       |     3 |       ||     3
 Stab: Sleeping          |     1 |     1 |       ||     2
Armor: Leather armour    |    31 |    73 |    60 ||   164
Dodge: Dodged            |    54 |   184 |   221 ||   459

Table legend: (Time is in decaauts)
 A = Elapsed time spent in this place.
 B = Non-inter-level travel time spent in this place.
 C = Inter-level travel time spent in this place.
 D = Time resting spent in this place.
 E = Time spent auto-exploring this place.
 F = Levels seen in this place.
 G = Mean time per level.
                   A        B        C        D        E       F      G
               +--------+--------+--------+--------+--------+-----+--------+
         Total |   5103 |   4911 |    192 |    478 |   3010 |   7 |  729.0 |
       Dungeon |   4670 |   4487 |    183 |    478 |   2655 |   6 |  778.3 |
        Temple |    432 |    423 |      9 |      0 |    355 |   1 |  432.0 |
               +--------+--------+--------+--------+--------+-----+--------+

Top non-repeatable levels by time:
     D:3: 1703 daAuts
     D:4: 1138 daAuts
     D:1: 959 daAuts
     D:2: 674 daAuts
  Temple: 432 daAuts
     D:5: 103 daAuts
     D:6: 90 daAuts
